 Dungeon Crawl Stone Soup version 0.28-a0-938-gbc3f381ebc (webtiles) character file.

Game seed: 6383682568438168916

7 tilp the Chiller (level 1, -7/7 HPs)
             Began as a Felid Ice Elementalist on Nov 28, 2021.
             Mangled by a gnoll (14 damage)
             ... on level 1 of the Dungeon.
             The game lasted 00:00:21 (210 turns).

tilp the Chiller (Felid Ice Elementalist)            Turns: 210, Time: 00:00:21

Health: -7/7       AC:  1    Str:  4    XL:     1   Next: 83%
Magic:  4/4        EV: 17    Int: 16    God:
Gold:   0          SH:  0    Dex: 16    Spells: 3/4 levels left
                                        Lives:  0   Deaths: 0

rFire   . . .      SeeInvis +     - Unarmed
rCold   . . .      Faith    .   (shield unavailable)
rNeg    . . .      Spirit   .   (armour unavailable)
rPois   .          Reflect  .   (helmet unavailable)
rElec   .          Harm     .   (cloak unavailable)
rCorr   .          Rampage  .   (gloves unavailable)
Will    .....                   (boots unavailable)
Stlth   ++........              (no amulet)
HPRegen 0.02/turn               (no ring)
MPRegen 0.09/turn               (no ring)

@: quick
A: very small, claws 1, fangs 3, see invisible, speed 1, shaggy fur 1, stealthy
paws, no weapons or thrown items, no armour, multi-lived
a: no special abilities


You were on level 1 of the Dungeon.
You visited 1 branch of the dungeon, and saw 1 of its levels.

Inventory:

Scrolls
 a - a scroll of identify {unknown}
 b - a scroll of fear {unknown}
 c - a scroll of fog {unknown}
Potions
 d - a potion of attraction {unknown}


   Skills:
 - Level 2.6 Dodging
 - Level 2.6 Stealth
 + Level 1.5 Unarmed Combat
 - Level 2.0 Spellcasting
 - Level 3.6 Ice Magic


You had 3 spell levels left.
You knew the following spells:

 Your Spells              Type           Power      Damage    Failure   Level
a - Freeze                Ice            52%        1d7       4%          1

Your spell library contained the following spells:

 Spells                   Type           Power      Damage    Failure   Level
 Frozen Ramparts          Ice            26%        1d4       14%         3
 Ozocubu's Armour         Ice            13%        N/A       14%         3
 Hailstorm                Conj/Ice       7%         3d4       69%         4


Dungeon Overview and Level Annotations

Branches:
Dungeon (1/15)

Altars:


Innate Abilities, Weirdness & Mutations

You have sharp claws.
You have razor-sharp teeth.
You have supernaturally acute eyesight. (SInv)
You cover ground quickly. (Speed+)
You are covered in fur. (AC +1)
Your paws help you pounce on unaware monsters.
You are incapable of wielding weapons or throwing items.
You cannot wear armour.
You gain extra lives every three experience levels.


Message History

Unknown command.
You open the door.
There is an open door here.
d - a smoky coppery potion
Found a stone staircase leading down.
A rat comes into view.
A rat is nearby!
A rat is nearby!
A rat is nearby!
A rat is nearby!
The rat misses you.
You scratch the rat.
You kill the rat!
You see here a rat corpse.
A ball python comes into view.
A ball python is nearby!
A ball python is nearby!
A ball python is nearby!
The ball python hisses angrily.
A ball python comes into view.
You open the door.
The ball python hisses angrily.
You scratch the ball python.
You kill the ball python!
Found a scale mail.
There is an open door here.
You scratch the ball python.
You kill the ball python!
No target in view!
No target in view!
A gnoll comes into view. It is wielding a +0 flail.
A gnoll is nearby!
A gnoll is nearby!
Found a scroll labelled LIT ONOTEG.
The helpless gnoll fails to defend itself.
You claw the gnoll!
The gnoll is severely wounded.
The gnoll hits you with a +0 flail!
Ouch! That really hurt!
You die...

#........#............##.
##########............ #.
#..?#....#.......### .
#...#...†.#.#.#.#.#. ..
#...#....#.#.#.#.#.# ...
#...#.....#.#.#.#.#.
....#...#....#.#.#.#.#.#
#.....g.#.....#.#.#.#.#.
#...@#....#.#.#.#.#.#
..#....###'..#.#.#.#.#.
...........†.#.#.#.#.#.#
......[.......#.#.#.#.#.
.............#.#.#.#.#.#
...#..........#.#.#.#.#.
...#.........#.#.#.#.#.#
.. #...........####..#..
#.......+#+#####.##..


You could see a gnoll.

Vanquished Creatures
  3 ball pythons (D:1)
  An endoplasm (D:1)
  A goblin (D:1)
  A bat (D:1)
  A rat (D:1)
7 creatures vanquished.

Notes
Turn   | Place    | Note
-------+----------+-------------------------------------------
     0 | D:1      | tilp the Felid Ice Elementalist began the quest for the
                  | Orb.
     0 | D:1      | Reached XP level 1. HP: 7/7 MP: 4/4
    49 | D:1      | Reached skill level 1 in Unarmed Combat
   210 | D:1      | Mangled by a gnoll

Illustrated notes

Levels and vault maps discovered:
D:1:      dpeg_arrival_orchard, layout_basic, minivault_23, minmay_misc_feat_iff

Skill      XL: |  1 |
---------------+----+-----
Unarmed Combat | 1 |  1.5
Dodging        | |  2.6
Stealth        | |  2.6
Spellcasting   | |  2.0
Ice Magic      | |  3.6

Action                   || total
-------------------------++-------
Melee: Unarmed           ||     8
 Cast: Freeze            ||     4
 Stab: Sleeping          ||     2
Dodge: Dodged            ||     8

Table legend: (Time is in decaauts)
 A = Elapsed time spent in this place.
 B = Non-inter-level travel time spent in this place.
 C = Inter-level travel time spent in this place.
 D = Time resting spent in this place.
 E = Time spent auto-exploring this place.
 F = Levels seen in this place.
 G = Mean time per level.
                   A        B        C        D        E       F      G
               +--------+--------+--------+--------+--------+-----+--------+
         Total |    187 |    187 |      0 |      0 |    140 |   1 |  187.0 |
       Dungeon |    187 |    187 |      0 |      0 |    140 |   1 |  187.0 |
               +--------+--------+--------+--------+--------+-----+--------+

Top non-repeatable levels by time:
     D:1: 187 daAuts
